 Dungeon Crawl Stone Soup version 0.21.0-3-g78d12a8bdd (console) character file.

81439 Kloppie the Peltast (level 15, -1/141 HPs)
             Began as a Minotaur Fighter on Jan 10, 2018.
             Was the Champion of Makhleb.
             Slain by an orc warlord
             ... wielding a +0 battleaxe
              (27 damage)
             ... on level 2 of the Orcish Mines.
             The game lasted 00:31:05 (16908 turns).

Kloppie the Peltast (Minotaur Fighter)             Turns: 16908, Time: 00:31:06

Health: -1/141     AC: 32    Str: 31    XL:     15   Next: 26%
Magic:  0/14       EV: 14    Int:  5    God:    Makhleb [******]
Gold:   1312       SH: 15    Dex: 13    Spells: 14/14 levels left

rFire    + . .     SeeInvis .   a - +4 flail (freeze)
rCold    . . .     Gourm    .   c - +0 shield
rNeg     + . .     Faith    .   i - +14 chain mail of Ilaoghi {Str+6}
rPois    .         Spirit   +   (helmet restricted)
rElec    +         Reflect  .   g - scarf {Spirit}
rCorr    .         Harm     .   F - +0 pair of gloves "Unies" {rElec rF+ MR+ Dex-4 Slay+2}
MR       ++...                  I - +2 pair of boots {run}
Stlth    ..........             (no amulet)
HPRegen  0.33/turn              l - ring of positive energy
MPRegen  0.14/turn              (no ring)

@: agile, about to teleport, quick
A: retaliatory headbutt, horns 2
a: Minor Destruction, Lesser Servant of Makhleb, Major Destruction, Greater
Servant of Makhleb, Renounce Religion


You were on level 2 of the Orcish Mines.
You worshipped Makhleb.
Makhleb was exalted by your worship.
You were not hungry.

You visited 4 branches of the dungeon, and saw 21 of its levels.
You visited the Abyss 2 times.

You collected 2132 gold pieces.
You spent 820 gold pieces at shops.

Inventory:

Hand Weapons
 a - a +4 flail of freezing (weapon)
 b - a +0 demon blade of protection
 R - a +0 flail of flaming
Armour
 c - a +0 shield (worn)
 g - a scarf of spirit shield (worn)
 i - the +14 chain mail of Ilaoghi (worn) {Str+6}
   (You found it on level 7 of the Dungeon)

   It affects your strength (+6).
 s - a scarf of cloud immunity
 F - the +0 pair of gloves "Unies" (worn) {rElec rF+ MR+ Dex-4 Slay+2}
   (You bought it in a shop on level 8 of the Dungeon)

   It affects your dexterity (-4).
   It affects your accuracy and damage with ranged weapons and melee attacks
   (+2).
   It protects you from fire.
   It insulates you from electricity.
   It affects your resistance to hostile enchantments.
 I - a +2 pair of boots of running (worn)
Jewellery
 l - a ring of positive energy (left hand)
 C - an uncursed ring of stealth
 G - a +3 ring of evasion
 H - an uncursed ring of positive energy
 O - an uncursed amulet of the gourmand
Wands
 n - a wand of random effects (32)
 y - a wand of flame (22)
 K - a wand of acid (11)
Scrolls
 d - 4 scrolls of enchant armour
 e - 8 scrolls of teleportation
 h - 3 scrolls of amnesia
 k - 5 scrolls of remove curse
 m - 4 scrolls of magic mapping
 o - 4 scrolls of fear
 q - 2 scrolls of holy word
 x - 2 scrolls of blinking
 E - a scroll of enchant weapon
 S - 2 scrolls of acquirement
Potions
 j - 2 potions of resistance
 p - a potion of agility
 t - 8 potions of curing
 v - 2 potions of flight
 A - a potion of berserk rage
 B - a potion of ambrosia
 J - 2 potions of invisibility
 V - 2 potions of haste {unknown}
Books
 r - a book of the Sky

   Spells                             Type                      Level
   a - Summon Lightning Spire         Summoning/Air                4
   b - Silence                        Hexes/Air                    5
   c - Deflect Missiles               Charms/Air                   6
   d - Conjure Ball Lightning         Conjuration/Air              6
   e - Tornado                        Air                          9
 w - a book of Conjurations

   Spells                             Type                      Level
   a - Magic Dart                     Conjuration                  1
   b - Searing Ray                    Conjuration                  2
   c - Dazzling Spray                 Conjuration/Hexes            3
   d - Fulminant Prism                Conjuration/Hexes            4
   e - Force Lance                    Conjuration/Translocation    4
   f - Iskenderun's Mystic Blast      Conjuration                  4
 D - a book of Enchantments

   Spells                             Type                      Level
   a - Cause Fear                     Hexes                        4
   b - Yara's Violent Unravelling     Hexes/Transmutation          5
   c - Silence                        Hexes/Air                    5
   d - Deflect Missiles               Charms/Air                   6
   e - Discord                        Hexes                        8
 L - a book of Debilitation

   Spells                             Type                      Level
   a - Corona                         Hexes                        1
   b - Slow                           Hexes                        2
   c - Inner Flame                    Hexes/Fire                   3
   d - Portal Projectile              Hexes/Translocation          3
   e - Cause Fear                     Hexes                        4
   f - Leda's Liquefaction            Hexes/Earth                  4
 M - a book of Minor Magic

   Spells                             Type                      Level
   a - Magic Dart                     Conjuration                  1
   b - Blink                          Translocation                2
   c - Call Imp                       Summoning                    2
   d - Slow                           Hexes                        2
   e - Conjure Flame                  Conjuration/Fire             3
   f - Mephitic Cloud                 Conjuration/Poison/Air       3
 P - a book of Geomancy

   Spells                             Type                      Level
   a - Sandblast                      Earth                        1
   b - Passwall                       Transmutation/Earth          2
   c - Stone Arrow                    Conjuration/Earth            3
   d - Petrify                        Transmutation/Earth          4
   e - Lee's Rapid Deconstruction     Earth                        5
Comestibles
 f - 30 rations
 u - a chunk of flesh


   Skills:
 - Level 15.0 Fighting
 + Level 13.2 Long Blades
 - Level 14.4 Maces & Flails
 - Level 15.0 Armour
 - Level 15.0 Shields


You had 14 spell levels left.
You didn't know any spells.

Dungeon Overview and Level Annotations

Branches:
Dungeon (12/15)            Temple (1/1) D:7            Lair (6/6) D:8
 Shoals (0/4) Lair:4       Spider (0/4) Lair:4        Slime (0/5) Lair:5
    Orc (2/2) D:10
    Elf: Orc:2

Altars:
Ashenzari
Cheibriados
Dithmenos
Elyvilon
Fedhas
Gozag
Hepliaklqana
Kikubaaqudgha
Makhleb
Nemelex Xobeh
Okawaru
Qazlal
Ru
Sif Muna
Trog
Uskayaw
Vehumet
Wu Jian
Xom
Yredelemnul
Zin
The Shining One
Jiyva

Shops:
D:8 [   D:11 (   D:12 }

Annotations:
D:5 Burgietje's ghost, amateur MiFi
D:12 Sonja


Innate Abilities, Weirdness & Mutations

You reflexively headbutt those who attack you in melee.
You have a pair of horns on your head.


Message History

You block the orc warrior's attack. You block the orc knight's attack.
As you read the scroll of teleportation, it crumbles to dust.
You feel strangely unstable.
The orc knight roars a battlecry!
The orc warrior goes into a battle-frenzy!
The orc high priest invokes the aid of Beogh against you.
Beogh smites you!
* * * LOW HITPOINT WARNING * * *
The orc warlord misses you. You furiously retaliate!
You headbutt the orc warlord! You block the orc warrior's attack.
You hit the orc warlord but do no damage.
Your headbutt misses the orc warlord.
The orc warlord is almost dead.
The orc knight hits you with a long sword of flaming!!
* * * LOW HITPOINT WARNING * * *
The orc knight burns you.
* * * LOW HITPOINT WARNING * * *
You block the orc knight's attack.
The orc warlord hits you with a battleaxe!!
You die...

## ##.## ##.oo##
##.ooo@#
#...oo## ##.ooo#
#####
###Oo####.#..##.
#............#
#...#..(...#....
##......(...#
#.....o.o..#
#......ooo..#


You could see an orc warlord, 3 orc knights, an orc high priest, 4 orc warriors,
an ogre and 2 orcs.

Vanquished Creatures
  A bone dragon (Abyss:1)
  Rupert (Lair:3)
  3 tentacled starspawn (Abyss:1)
  Kirke (Lair:5)
  A great orb of eyes (Abyss:1)
  A catoblepas (Lair:6)
  5 hydras
  10 death yaks
  A hell hog (Abyss:1)
  A titan zombie (Abyss:1)
  Nergalle (Orc:1)
  A sixfirhy (Abyss:1)
  3 wretched stars (Abyss:1)
  2 unseen horrors (D:11)
  3 large abominations
  7 starcursed masses
  A necromancer (Abyss:1)
  A wolf spider (Lair:4)
  Pikel (D:4)
  2 cyclopes
  A deep elf mage (D:12)
  3 orc sorcerers
  A centaur zombie (D:10)
  9 black mambas
  A fire giant skeleton (Abyss:1)
  2 smoke demons (Abyss:1)
  Psyche (D:12)
  An apocalypse crab (Abyss:1)
  A torpor snail (Lair:3)
  16 elephants
  20 spiny frogs
  5 komodo dragons
  2 rime drakes
  2 ancient zymes (Abyss:1)
  2 jumping spiders (Lair:4)
  2 trolls
  5 tyrant leeches (Lair:6)
  2 hornets
  5 raiju (Abyss:1)
  Prince Ribbit (D:9)
  11 dream sheep
  7 hippogriffs
  28 blink frogs
  5 flying skulls (Abyss:1)
  14 yaks
  5 fire bats (Lair:5)
  A redback (Lair:4)
  A wraith (D:11)
  Eustachio (D:5)
  A wyvern (Lair:2)
  2 basilisks
  3 hogs (Lair:5)
  15 vampire mosquitoes
  3 chaos spawn (Abyss:1)
  3 wargs
  7 porcupines
  9 water moccasins
  A hell hound (Abyss:1)
  3 ice beasts
  9 orc warriors
  5 phantoms
  A black bear (D:7)
  3 sky beasts
  3 eyes of draining
  A necrophage (D:5)
  13 ogres
  7 centaurs
  7 crocodiles
  2 big kobolds
  2 wyvern zombies
  25 bullfrogs
  A wyvern skeleton (D:9)
  2 scorpions
  A water moccasin skeleton (D:4)
  5 killer bees (D:9)
  12 wights
  5 howler monkeys
  3 electric eels (Lair:5)
  A crimson imp (D:9)
  3 small abominations (Abyss:1)
  2 bullfrog zombies
  A quasit (Abyss:1)
  A jelly (D:12)
  8 orc wizards
  17 orc priests
  9 hounds
  2 bullfrog skeletons (D:12)
  2 iguanas
  5 worker ants
  4 hell rats (Lair:3)
  A hound zombie (D:7)
  A hound skeleton (D:10)
  A worker ant zombie (D:7)
  12 adders
  4 river rats (Lair:3)
  2 shadow imps
  2 oozes
  An adder skeleton (D:9)
  6 worms
  3 dart slugs
  7 leopard geckos
  55 orcs
  2 giant cockroaches
  12 goblins
  20 hobgoblins
  9 jackals
  3 quokkas
  A ball python (D:5)
  5 bats
  6 frilled lizards
  14 kobolds
  A leopard gecko skeleton (D:7)
  10 rats
  A butterfly (Lair:1)
  2 starspawn tentacles (Abyss:1)
592 creatures vanquished.

Vanquished Creatures (others)
  A human (Lair:6)
  A slave (D:5)
  A bullfrog (Lair:6)
  A shadow imp (D:5)
  A frilled lizard (D:5)
  9 fungi
  35 plants
  11 starspawn tentacles (Abyss:1)
60 creatures vanquished.

Grand Total: 652 creatures vanquished

Notes
Turn   | Place    | Note
-------+----------+-------------------------------------------
     0 | D:1      | Kloppie the Minotaur Fighter began the quest for the Orb.
     0 | D:1      | Reached XP level 1. HP: 19/19 MP: 0/0
   238 | D:1      | Reached XP level 2. HP: 25/27 MP: 1/1
   718 | D:2      | Reached XP level 3. HP: 24/33 MP: 2/2
  1628 | D:3      | Found a stormy altar of Qazlal.
  1647 | D:3      | Reached XP level 4. HP: 33/41 MP: 3/3
  1929 | D:3      | Reached XP level 5. HP: 47/47 MP: 4/4
  2183 | D:4      | Reached skill level 5 in Fighting
  2183 | D:4      | Reached skill level 5 in Shields
  2242 | D:4      | Reached skill level 5 in Armour
  2253 | D:4      | Noticed a phantom
  2268 | D:4      | Noticed a phantom
  2277 | D:4      | Killed a phantom
  2277 | D:4      | Reached XP level 6. HP: 40/56 MP: 5/5
  2561 | D:4      | Reached XP level 7. HP: 61/62 MP: 6/6
  2622 | D:4      | Noticed a moth of wrath
  2624 | D:4      | Found a bloodstained altar of Trog.
  2649 | D:4      | Reached skill level 5 in Maces & Flails
  2748 | D:4      | Found a burning altar of Makhleb.
  2920 | D:5      | Entered Level 5 of the Dungeon
  2931 | D:5      | Noticed Eustachio
  2948 | D:5      | Killed Eustachio
  3230 | D:5      | Noticed Pikel
  3289 | D:4      | Killed Pikel
  3289 | D:4      | Reached XP level 8. HP: 4/73 MP: 7/7
  3944 | D:5      | Noticed Burgietje's ghost (amateur MiFi)
  4606 | D:6      | You fall through a shaft!
  5088 | D:7      | Reached XP level 9. HP: 62/82 MP: 8/8
  5577 | D:7      | Got a bronze chain mail
  5588 | D:7      | Identified the +14 chain mail of Ilaoghi {Str+6} (You found it on level 7 of the Dungeon)
  5662 | D:7      | Found a staircase to the Ecumenical Temple.
  5689 | Temple   | Entered the Ecumenical Temple
  5808 | Temple   | Became a worshipper of Makhleb the Destroyer
  6173 | D:8      | Found a staircase to the Lair.
  6471 | D:8      | Found Viaguik's Antique Armour Boutique.
  6482 | D:8      | Bought a pair of steaming gloves for 247 gold pieces
  6482 | D:8      | Bought a pair of embroidered boots for 195 gold pieces
  6533 | D:8      | Identified a +1 pair of boots of running (You bought it in a shop on level 8 of the Dungeon)
  6538 | D:8      | Identified the +0 pair of gloves "Unies" {rElec rF+ MR+ Dex-4 Slay+2} (You bought it in a shop on level 8 of the Dungeon)
  6594 | D:8      | Reached skill level 10 in Fighting
  6835 | D:9      | Reached skill level 10 in Maces & Flails
  6842 | D:9      | Noticed Prince Ribbit
  6845 | D:9      | Killed Prince Ribbit
  6875 | D:9      | Reached * piety under Makhleb
  7074 | D:9      | Reached XP level 10. HP: 71/93 MP: 5/9
  7245 | D:10     | Entered Level 10 of the Dungeon
  7361 | D:10     | Reached ** piety under Makhleb
  7385 | D:10     | Found a staircase to the Orcish Mines.
  7909 | D:10     | Identified 2 scrolls of acquirement
  7997 | Lair:1   | Entered Level 1 of the Lair of Beasts
  8101 | Lair:1   | Noticed a spiny frog
  8107 | Lair:1   | Killed a spiny frog
  8123 | Lair:1   | Noticed a five-headed hydra
  8152 | Lair:1   | Noticed an eight-headed hydra
  8162 | Lair:1   | Killed an eight-headed hydra
  8174 | Lair:1   | Killed a five-headed hydra
  8283 | Lair:1   | Noticed a black mamba
  8292 | Lair:1   | Killed a black mamba
  8292 | Lair:1   | Reached XP level 11. HP: 99/99 MP: 10/10
  8869 | Lair:2   | Reached *** piety under Makhleb
  9598 | Lair:3   | Reached skill level 10 in Shields
  9610 | Lair:3   | Reached skill level 10 in Armour
  9735 | Lair:3   | Noticed a seven-headed hydra
  9779 | Lair:3   | Killed a seven-headed hydra
 10083 | Lair:3   | Noticed Rupert
 10097 | Lair:3   | Paralysed by Rupert for 2 turns
 10107 | Lair:3   | Paralysed by Rupert for 6 turns
 10125 | Lair:3   | Killed Rupert
 10125 | Lair:3   | Reached XP level 12. HP: 106/106 MP: 7/11
 10582 | Lair:4   | Reached **** piety under Makhleb
 10649 | Lair:4   | Found a hole to the Spider Nest.
 10665 | Lair:4   | Reached skill level 15 in Shields
 10722 | Lair:4   | Found a staircase to the Shoals.
 11459 | Lair:5   | Noticed a death yak
 11460 | Lair:5   | Noticed a death yak
 11461 | Lair:5   | Noticed a death yak
 11462 | Lair:5   | Noticed a death yak
 11463 | Lair:5   | Noticed a death yak
 11463 | Lair:5   | Noticed a death yak
 11487 | Lair:4   | Killed a death yak
 11557 | Lair:5   | Reached XP level 13. HP: 117/117 MP: 12/12
 11627 | Lair:5   | Noticed Kirke
 11649 | Lair:5   | Killed Kirke
 11782 | Lair:5   | Reached ***** piety under Makhleb
 12048 | Lair:5   | Found a viscous altar of Jiyva.
 12049 | Lair:5   | Found a staircase to the Slime Pits.
 12559 | D:11     | Found Widecw's Antique Weapon Boutique.
 12562 | D:11     | Bought a runed demon blade for 378 gold pieces
 13191 | D:12     | Noticed Psyche
 13192 | D:12     | Found Buor Cagak's Gadget Shoppe.
 13202 | D:12     | Killed Psyche
 13405 | D:12     | Noticed Sonja
 13407 | D:12     | Cast into level 1 of the Abyss (Sonja)
 13426 | Abyss:1  | Noticed a tentacled starspawn
 13447 | Abyss:1  | Killed a tentacled starspawn
 13447 | Abyss:1  | Reached XP level 14. HP: 133/133 MP: 9/13
 13501 | Abyss:1  | Noticed a starcursed mass
 13526 | Abyss:1  | Noticed a starcursed mass
 13568 | Abyss:1  | Noticed a tentacled starspawn
 13581 | Abyss:1  | Killed a tentacled starspawn
 13650 | Abyss:1  | Reached skill level 15 in Fighting
 13650 | Abyss:1  | Reached skill level 15 in Armour
 13666 | Abyss:1  | Reached skill level 1 in Long Blades
 13685 | Abyss:1  | Reached ****** piety under Makhleb
 13693 | Abyss:1  | Found a basalt altar of Yredelemnul.
 13784 | Abyss:1  | Noticed a tentacled starspawn
 13797 | Abyss:1  | Killed a tentacled starspawn
 13809 | D:12     | Escaped the Abyss
 14165 | D:12     | Cast into level 1 of the Abyss (Sonja)
 14172 | Abyss:1  | Found a corrupted altar of Lugonu.
 14174 | Abyss:1  | Found a blossoming altar of Fedhas.
 14273 | Abyss:1  | Reached skill level 5 in Long Blades
 14422 | Abyss:1  | Noticed a bone dragon
 14422 | Abyss:1  | Noticed a starcursed mass
 14452 | Abyss:1  | Killed a bone dragon
 14464 | D:12     | Escaped the Abyss
 15026 | Lair:6   | Entered Level 6 of the Lair of Beasts
 15202 | Lair:6   | Reached skill level 10 in Long Blades
 15558 | Lair:6   | Reached XP level 15. HP: 141/141 MP: 14/14
 16360 | Orc:1    | Entered Level 1 of the Orcish Mines
 16360 | Orc:1    | Noticed Nergalle
 16379 | Orc:1    | Killed Nergalle
 16867 | Orc:2    | Entered Level 2 of the Orcish Mines
 16870 | Orc:2    | Noticed an orc warlord
 16908 | Orc:2    | Slain by an orc warlord

Skill      XL: |  1  2  3  4  5  6  7  8  9 10 11 12 13 14 15 |
---------------+----------------------------------------------+-----
Shields        | 4 5 7 8 13 15 | 15.0
Fighting       | 4 5 7 8 10 11 14 15 | 15.0
Armour         | 4 5 7 8 10 11 14 15 | 15.0
Maces & Flails | 3 4 6 8 11 14 | 14.4
Long Blades    | 11 13 | 13.2

Action                   |  1- 3 |  4- 6 |  7- 9 | 10-12 | 13-15 || total
-------------------------+-------+-------+-------+-------+-------++-------
Melee: Flail             |    90 |   147 |   277 |   577 |   932 ||  2023
       Headbutt          |     9 |    19 |    54 |   124 |   238 ||   444
  Use: Potion            |       |       |     3 |     1 |     4 ||     8
       Scroll            |       |       |     8 |    17 |     7 ||    32
  Eat: Chunk             |     2 |     4 |    26 |    20 |     9 ||    61
       Ration            |       |       |     1 |       |       ||     1
Armor: Scale mail        |    49 |    60 |    56 |       |       ||   165
       Chain mail        |       |       |    97 |   276 |   387 ||   760
Dodge: Dodged            |    45 |    85 |   102 |   141 |   237 ||   610
Block: Shield            |       |       |       |   208 |   536 ||   744
